 Dungeon Crawl Stone Soup version 0.28-b1-25-g9875b3fc8c (webtiles) character file.

Game seed: 3601439149752800909

53 MacCMillion the Skirmisher (level 3, -6/24 HPs)
             Began as a Gargoyle Fighter on Feb 1, 2022.
             Killed by divine providence
             ... invoked by an orc priest
              (15 damage)
             ... on level 3 of the Dungeon.
             The game lasted 00:03:09 (2241 turns).

MacCMillion the Skirmisher (Gargoyle Fighter)       Turns: 2241, Time: 00:03:10

Health: -6/24      AC: 10    Str: 21    XL:     3   Next: 87%
Magic:  3/3        EV:  9    Int:  8    God:
Gold:   100        SH:  4    Dex:  9    Spells: 2/2 levels left

rFire   . . .      SeeInvis .   a - +0 flail
rCold   . . .      Faith    .   c - +0 buckler
rNeg    + . .      Spirit   .   b - +0 scale mail
rPois   ∞          Reflect  .   (no helmet)
rElec   +          Harm     .   f - scarf {shadows}
rCorr   .          Rampage  .   (no gloves)
Will    .....                   (no boots)
Stlth   ..........              (no amulet)
HPRegen 0.08/turn               (no ring)
MPRegen 0.08/turn               (no ring)

@: no status effects
A: sickness immunity, AC +3, negative energy resistance 1, electricity
resistance, torment resistance 1, petrification resistance
a: no special abilities


You were on level 3 of the Dungeon.
You visited 1 branch of the dungeon, and saw 3 of its levels.

You collected 100 gold pieces.

Inventory:

Hand Weapons
 a - a +0 flail (weapon)
Missiles
 j - 4 poisoned darts (quivered)
Armour
 b - a +0 scale mail (worn)
 c - a +0 buckler (worn)
 f - a scarf of shadows (worn)
Jewellery
 e - a +6 ring of strength
Scrolls
 h - 2 scrolls of teleportation {unknown}
Potions
 d - a potion of might
 g - 2 potions of heal wounds {unknown}
 i - 2 potions of curing {unknown}
 k - a potion of haste {unknown}


   Skills:
 + Level 3.8 Fighting
 + Level 2.5 Maces & Flails
 + Level 3.8 Armour
 + Level 3.8 Shields


You had 2 spell levels left.
You didn't know any spells.
Your spell library was empty.

Dungeon Overview and Level Annotations

Branches:
Dungeon (3/15)

Altars:


Innate Abilities, Weirdness & Mutations

You are immune to sickness and miasma.
Your stone body is resilient. (AC +3)
You are immune to poison.
You resist negative energy. (rN+)
You are resistant to electric shocks. (rElec)
You are resistant to unholy torment.
You are immune to petrification.


Message History

You are too injured to fight recklessly!
Unknown command.
You are too injured to fight recklessly!
You are too injured to fight recklessly!
You are too injured to fight recklessly!
You sock the orc!
You kill the orc!
You start resting.
HP restored.
You climb downwards.
The orc priest looks braver for a moment.
The orc barely misses you.
There is a stone staircase leading up here.
The orc barely misses you.
You climb upwards.
There is a stone staircase leading down here.
You hit the orc.
The orc is lightly wounded.
The orc barely misses you. The orc hits you but does no damage.
You hit the orc.
The orc is heavily wounded.
The orc closely misses you.
You sock the orc!
You kill the orc!
You start waiting.
Done waiting.
You climb downwards.
There is a stone staircase leading up here.
You hit the orc priest.
The orc priest is moderately wounded.
The orc priest mumbles some strange prayers to Beogh against you.
Beogh smites you!
Ouch! That really hurt!
The orc priest hits you with a +0 club.
You hear a shout!
The orc priest looks satisfied for a moment.
The orc priest mumbles some strange prayers to Beogh against you.
Beogh smites you!
Ouch! That really hurt!
You die...

#o#
##.#
...
..##
#..
#)#
#@#
#o#
#.#
#.#
#.#
#.#
#.#


You could see 2 orc priests.

Vanquished Creatures
  A dart slug (D:1)
  4 orcs
  6 bats (D:2)
  2 endoplasms
  2 giant cockroaches (D:2)
  6 goblins
  4 hobgoblins
  A quokka (D:2)
  6 ball pythons
  5 frilled lizards
  3 kobolds
  3 rats
43 creatures vanquished.

Notes
Turn   | Place    | Note
-------+----------+-------------------------------------------
     0 | D:1      | MacCMillion the Gargoyle Fighter began the quest for the
                  | Orb.
     0 | D:1      | Reached XP level 1. HP: 14/14 MP: 1/1
    63 | D:1      | Reached XP level 2. HP: 15/19 MP: 2/2
  1143 | D:2      | Reached XP level 3. HP: 23/23 MP: 3/3
  2241 | D:3      | Killed from afar by an orc priest

Illustrated notes

Levels and vault maps discovered:
D:1:      psy_arrival_spokes, layout_basic
D:2:      layout_loops_ring, minmay_misc_feat_tiny, minmay_tree_intersection
D:3:      layout_loops_ring, cheibrodos_ashenzari_chains, lemuel_round_altar,
          minmay_snake_closets, uniq_jessica

Action                   || total
-------------------------++-------
Melee: Flail             ||   136
Armor: Scale mail        ||    70
Dodge: Dodged            ||    71
Block: Buckler           ||    32
